 Dungeon Crawl Stone Soup version 0.26.1-11-gd32895ea62 (webtiles) character file.

Game seed: 16652079183308305847

634 Tirrikindir the Slasher (level 7, -4/48 HPs)
             Began as an Octopode Fighter on June 2, 2021.
             Was an Initiate of Dithmenos.
             Slain by a gnoll
             ... wielding a +0 spear
              (7 damage)
             ... on level 5 of the Dungeon.
             The game lasted 00:10:18 (4965 turns).

Tirrikindir the Slasher (Octopode Fighter)          Turns: 4965, Time: 00:10:18

Health: -4/48      AC:  1    Str: 16    XL:     7   Next: 49%
Magic:  7/7        EV: 12    Int: 10    God:    Dithmenos [......]
Gold:   286        SH: 12    Dex: 13    Spells: 6/6 levels left

rFire    . . .     SeeInvis .   a - +1 long sword
rCold    . . .     Faith    .   b - +3 kite shield
rNeg     . . .     Spirit   .   (helmet restricted)
rPois    .         Reflect  .   m - amulet of the acrobat
rElec    .         Harm     .   j - ring of willpower
rCorr    .         Rampage  .   (no ring)
Will     +....                  (no ring)
Stlth    +++.......             (no ring)
HPRegen  0.16/turn              (no ring)
MPRegen  0.10/turn              (no ring)
                                (no ring)
                                (no ring)

@: invisible
A: almost no armour, stealthy swim, amphibious, 8 rings, constrict 8, camouflage
1, gelatinous body 1
a: Renounce Religion


You were on level 5 of the Dungeon.
You worshipped Dithmenos.
Dithmenos was noncommittal.
You visited 1 branch of the dungeon, and saw 5 of its levels.

You collected 286 gold pieces.

Inventory:

Hand Weapons
 a - a +1 long sword (weapon)
 q - a +0 short sword
Missiles
 k - 4 poisoned darts (quivered)
Armour
 b - a +3 kite shield (worn)
Jewellery
 j - a ring of willpower (left tentacle)
 m - an amulet of the acrobat (around mantle)
Wands
 i - a wand of paralysis (8)
 l - a wand of enslavement (5)
Scrolls
 n - 2 scrolls of fog
 p - a scroll of amnesia
 r - 2 scrolls of teleportation
 u - a scroll of enchant armour
 v - a scroll of remove curse {unknown}
Potions
 c - a potion of might
 e - 3 potions of cancellation
 g - a potion of resistance
 h - a potion of flight
 o - a potion of haste
 s - a potion of degeneration {unknown}
 t - a potion of curing {unknown}


   Skills:
 - Level 4.0 Fighting
 * Level 5.3 Long Blades
 - Level 4.0 Dodging
 - Level 4.0 Stealth
 - Level 4.0 Shields
 + Level 1.2 Invocations
 - Level 2.0 Evocations


You had 6 spell levels left.
You didn't know any spells.
Your spell library was empty.

Dungeon Overview and Level Annotations

Branches:
Dungeon (5/15)
 Temple: D:4-7

Altars:
Dithmenos


Innate Abilities, Weirdness & Mutations

You cannot wear most types of armour.
You are very stealthy in the water. (Stealth+)
You are amphibious.
You can wear up to eight rings at the same time.
You can use your tentacles to constrict eight enemies at once.
Your skin changes colour to match your surroundings (Stealth+).
Your rubbery body absorbs attacks. (AC +1, EV +1)


Message History

You block the gnoll's attack.
You hit the gnoll.
You kill the gnoll!
Dithmenos accepts your kill. The gnoll barely misses you.
You block the gnoll's attack. The gnoll completely misses you.
You see here a +0 whip.
You closely miss the gnoll. You grab the gnoll.
The gnoll is heavily wounded.
You constrict the gnoll.
The gnoll hits you from afar with a +0 spear.
* * * LOW HITPOINT WARNING * * *
The gnoll barely misses you.
You riposte.
You hit the gnoll but do no damage.
The gnoll is heavily wounded.
The gnoll hits you from afar with a +0 spear!
* * * LOW HITPOINT WARNING * * *
You fade into invisibility!
You constrict the gnoll.
The gnoll hits you from afar with a +0 spear!
You die...

#....+
#....#
#...(#
#....#
#....#
#....#
#....#
#.<..#
#...@#######
#####gg....#
#......#
#......#
#......#
#..?...#
#.....[#
..##+### ..#


You could see 2 gnolls.

Vanquished Creatures
  An ogre (D:4)
  A howler monkey (D:4)
  3 orc priests (D:4)
  Natasha (thrice) (D:2)
  2 orc wizards (D:4)
  2 worker ants (D:4)
  A hound skeleton (D:4)
  Robin (D:3)
  7 adders
  2 gnolls (D:5)
  A worm (D:2)
  2 dart slugs (D:3)
  5 leopard geckos
  19 orcs
  4 giant cockroaches
  6 hobgoblins
  18 jackals
  7 kobolds
  A quokka (D:3)
  3 bats
  5 frilled lizards
  22 goblins
  2 rats (D:3)
118 creatures vanquished.

Vanquished Creatures (others)
  An orc wizard (D:4)
1 creature vanquished.

Grand Total: 119 creatures vanquished

Notes
Turn   | Place    | Note
-------+----------+-------------------------------------------
     0 | D:1      | Tirrikindir the Octopode Fighter began the quest for the
                  | Orb.
     0 | D:1      | Reached XP level 1. HP: 16/16 MP: 1/1
     3 | D:1      | Noticed an electric eel
     4 | D:1      | Noticed an electric eel
   123 | D:1      | Reached XP level 2. HP: 16/21 MP: 2/2
   363 | D:1      | Reached skill level 1 in Stealth
   554 | D:1      | Reached XP level 3. HP: 26/26 MP: 3/3
  1516 | D:2      | Noticed Natasha
  1528 | D:2      | Killed Natasha
  1529 | D:2      | Reached XP level 4. HP: 31/31 MP: 4/4
  1784 | D:2      | Noticed Natasha
  1788 | D:2      | Killed Natasha
  1789 | D:2      | Reached skill level 3 in Long Blades
  1852 | D:2      | Noticed Natasha
  1859 | D:2      | Killed Natasha
  1860 | D:2      | Reached skill level 1 in Evocations
  1873 | D:3      | Noticed Robin
  1948 | D:3      | Reached XP level 5. HP: 26/36 MP: 5/5
  3088 | D:3      | Killed Robin
  3089 | D:3      | Reached XP level 6. HP: 40/42 MP: 6/6
  3224 | D:4      | Reached skill level 4 in Long Blades
  3819 | D:4      | Reached XP level 7. HP: 46/48 MP: 7/7
  4212 | D:4      | Found a shadowy altar of Dithmenos.
  4227 | D:4      | Became a worshipper of Dithmenos the Shadowed
  4327 | D:4      | Reached skill level 5 in Long Blades
  4758 | D:4      | Reached skill level 1 in Invocations
  4948 | D:5      | Entered Level 5 of the Dungeon
  4965 | D:5      | Slain by a gnoll

Illustrated notes

Levels and vault maps discovered:
D:1:      arrival_aquarium_b, layout_loops_cross
D:2:      layout_basic, uniq_natasha
D:3:      layout_basic, minmay_increasing_density, uniq_robin
D:4:      layout_loops_ring, lemuel_round_altar
D:5:      layout_gridville, minmay_temple_entry_offerings, serial_shops, shop

Skill      XL: |  1  2  3  4  5  6  7 |
---------------+----------------------+-----
Stealth        | 1 2 3 4 |  4.0
Long Blades    | 3 4 5 |  5.3
Evocations     | 1 2 |  2.0
Dodging        | 4 |  4.0
Shields        | 4 |  4.0
Fighting       | 4 |  4.0
Invocations    | 1 |  1.2

Action                   |  1- 3 |  4- 6 |  7- 9 || total
-------------------------+-------+-------+-------++-------
Melee: Long sword        |    59 |   113 |    64 ||   236
       Constrict         |    18 |    28 |    13 ||    59
       Tentacles         |    10 |    24 |    14 ||    48
Throw: Dart              |       |    11 |     6 ||    17
Evoke: Wand              |       |       |     1 ||     1
  Use: Scroll            |     6 |     9 |     2 ||    17
       Potion            |       |       |     2 ||     2
 Stab: Sleeping          |     6 |     8 |     2 ||    16
Armor: Skin              |    10 |     6 |     2 ||    18
Dodge: Dodged            |    25 |    31 |    16 ||    72
Block: Kite shield       |    31 |    48 |    25 ||   104
       Rpst.: Long sword |     7 |    12 |     3 ||    22
